 Dungeon Crawl Stone Soup version 0.16.0-16-g311141a (console) character file.

5 gw the Skirmisher (level 1, 0/17 HPs)
             Began as a Vampire Abyssal Knight on Mar 19, 2015.
             Was a Follower of Lugonu.
             Slain by a hobgoblin
             ... wielding a +0 club
              (2 damage)
             ... on level 1 of the Dungeon.
             The game lasted 00:00:26 (343 turns).

gw the Skirmisher (Vampire Abyssal Knight)           Turns: 343, Time: 00:00:26

Health: 0/17       AC:  3    Str: 11    XL:     1   Next: 66%
Magic:  1/1        EV: 12    Int: 14    God:    Lugonu [*.....]
Gold:   19         SH:  0    Dex: 13    Spells: 0 memorised, 0 levels left

rFire  . . .     SeeInvis +     a - +1 hand axe
rCold  . . .     Clarity  .     b - +0 leather armour
rNeg   + . .     SustAb   .     (no shield)
rPois  .         Gourm    .     (no helmet)
rElec  .         Spirit   .     (no cloak)
rCorr  .         Warding  .     (no gloves)
rMut   .         Stasis   .     (no boots)
MR     .....                    (no amulet)
Stlth  +.........               (no ring)
                                (no ring)

@: not resistant to hostile enchantments, very unstealthy
A: bottle blood, fangs 3, see invisible, unbreathing
a: Depart the Abyss, Renounce Religion


You were on level 1 of the Dungeon.
You worshipped Lugonu.
Lugonu was aware of your devotion.
You were not thirsty.

You visited 1 branch of the dungeon, and saw 1 of its levels.
You visited the Abyss 1 time.

You collected 19 gold pieces.

Inventory:

Hand weapons
 a - a +1 hand axe (weapon)
Armour
 b - a +0 leather armour (worn)
Scrolls
 d - a scroll of fear {unknown}
 e - a scroll of teleportation {unknown}
 f - a scroll of fog {unknown}
Potions
 c - a potion of blood


   Skills:
 + Level 2.9 Fighting
 * Level 1.8 Axes
 + Level 0.1 Throwing
 + Level 1.0 Armour
 - Level 2.1 Dodging
 + Level 1.5 Invocations


You couldn't memorise any spells.
You didn't know any spells.

Dungeon Overview and Level Annotations

Branches:
Dungeon (1/15)

Altars:


Innate Abilities, Weirdness & Mutations

You can bottle blood from corpses.
You have razor-sharp teeth.
You have supernaturally acute eyesight.
You can survive without breathing.


Message History

The hobgoblin throws a javelin.
The javelin hits you!
You see here a javelin.
Unknown command.
Unknown command.
Unknown command.
Unknown command.
ATTACK MOVE TO (0,-1) Unknown command.
Unknown command.
Unknown command.
Unknown command.
ATTACK MOVE TO (0,-1)
The hobgoblin hits you but does no damage.
Unknown command.
Unknown command.
Unknown command.
Unknown command.
ATTACK MOVE TO (-1,-1)
You closely miss the hobgoblin. The hobgoblin hits you with a club.
You die...

#...........# #..#
#...........# ##.##
#........)..# #..#
#...........####.##
#.......>..%'(.)..#
#...........###.#.#
#...........# #.#.#
#.g)........# #.#.#
#..V........# #.#.#
#...........#
#.#.##
#..(........#
#.#...
#...........#
#.####
#...((......# #.#
####.#.###.## #.#
#.#.# #.# #.#
#.#.###.# #.#
#.#.##..# #.#


You could see a hobgoblin.

Table legend:
 A = Turns spent in this place as a percentage of turns spent in the entire game.
 B = Non-inter-level travel turns spent in this place as a percentage of non-inter-level travel turns spent in the entire game.
 C = Inter-level travel turns spent in this place as a percentage of turns spent in this place.
 D = Turns resting spent in this place as a percentage of non-inter-level travel turns spent in this place.
 E = Turns spent auto-exploring this place as a percentage of non-inter-level travel turns spent in this place.
 F = Non-inter-level travel turns spent in this place divided by the number of levels of this place that you've seen.
                   A       B       C       D       E      F
               +-------+-------+-------+-------+-------+----------------------
         Total | 100.0 | 100.0 |   0.4 |   1.5 |   3.0 | 271.0
       Dungeon |  85.3 |  85.2 |   0.4 |   1.7 |   2.6 | 462.0
         Abyss |  14.7 |  14.8 |   0.0 |   0.0 |   5.0 |  80.0
               +-------+-------+-------+-------+-------+----------------------

Table legend:
 A = Kills in this place as a percentage of kills in entire the game.
 B = Kills by you in this place as a percentage of kills by you in the entire game.
 C = Kills by friends in this place as a percentage of kills by friends in the entire game.
 D = Other kills in this place as a percentage of other kills in the entire game.
 E = Experience gained in this place as a percentage of experience gained in the entire game.
 F = Experience gained in this place divided by the number of levels of this place that you have seen.
                   A       B       C       D       E      F
               +-------+-------+-------+-------+-------+----------------------
         Total | 100.0 | 100.0 |  -nan |  -nan | 100.0 |   4.0
       Dungeon | 100.0 | 100.0 |  -nan |  -nan | 100.0 |   8.0
               +-------+-------+-------+-------+-------+----------------------

Vanquished Creatures
  A giant gecko (D:1)
  A hobgoblin (D:1)
  A giant newt (D:1)
  2 goblins (D:1)
5 creatures vanquished.

Notes
Turn   | Place    | Note
--------------------------------------------------------------
     0 | Abyss:1  | gw, the Vampire Abyssal Knight, began the quest for the Orb.
     0 | Abyss:1  | Reached XP level 1. HP: 17/17 MP: 1/1
    72 | Abyss:1  | Noticed a hungry ghost
    73 | D:1      | Escaped the Abyss
   128 | D:1      | Reached skill level 1 in Armour
   206 | D:1      | Acquired Lugonu's first power
   343 | D:1      | Slain by a hobgoblin

Action                   || total
-------------------------++-------
Melee: Hand axe          ||    14
Invok: Depart the Abyss  ||     1
  Eat: Corpse            ||     2

Vault maps used:
D:1:      lightli_arrival_maybe_door_vault
